 Dungeon Crawl Stone Soup version 0.31-a0-152-g6aa68a64a1 (webtiles) character file.

Game seed: 17539951410725312053

410 qw the Chopper (level 6, -1/38 HPs)
             Began as a Gargoyle Fighter on June 10, 2023.
             Killed from afar by an orc wizard (3 damage)
             ... with a magic dart
             ... on level 4 of the Dungeon.
             The game lasted 00:01:40 (2433 turns).

qw the Chopper (Gargoyle Fighter)                   Turns: 2433, Time: 00:01:41

Health: -1/38      AC: 14    Str: 22 (25) XL:     6   Next: 89%
Magic:  15/15      EV: 14    Int: 10 (11) God:
Gold:   123        SH:  0    Dex:  8 (9)  Spells: 5/5 levels left

rFire   . . .        Y - +0 war axe (drain)
rCold   . . .        c - +0 buckler
rNeg    + . .        b - +0 scale mail
rPois   inf          k - +1 hat
rElec   +            g - +0 cloak
rCorr   .            (no gloves)
SInv    .            j - +0 pair of boots
Will    .....        (no amulet) Stlth
                     a - ring of Soipubud {+Blink MP+9 EV+5 Str+3 Int+3}
HPRegen 0.26/turn    (no ring)
MPRegen 0.14/turn

%: no passive effects
@: confused
A: sickness immunity, AC +4, negative energy resistance 1, electricity
resistance, torment resistance 1, petrification resistance
a: Evoke Blink


You were on level 4 of the Dungeon.
You visited 1 branch of the dungeon, and saw 4 of its levels.

You collected 123 gold pieces.


Innate Abilities, Weirdness & Mutations

You are immune to sickness and miasma.
Your stone body is resilient. (AC +4)
You are immune to poison.
You resist negative energy. (rN+)
You are resistant to electric shocks. (rElec)
You are resistant to unholy torment.
You are immune to petrification.


   Skills:
 - Level 4.1 Fighting
 + Level 5.9 Axes
 - Level 3.2 Armour
 - Level 1.1 Dodging
 - Level 3.2 Shields


You had 5 spell levels left.
You didn't know any spells.
Your spell library was empty.

Inventory:

Hand Weapons
 h - a +0 flail
 Y - a +0 war axe of draining (weapon)
Armour
 b - a +0 scale mail (worn)
 c - a +0 buckler (worn)
 g - a +0 cloak (worn)
 j - a +0 pair of boots (worn)
 k - a +1 hat (worn)
Jewellery
 a - the ring of Soipubud (left hand) {+Blink MP+9 EV+5 Str+3 Int+3}
   (You acquired it on level 1 of the Dungeon)

   [ring of evasion]

   EV:        It affects your evasion (+5).
   Str:       It affects your strength (+3).
   Int:       It affects your intelligence (+3).
   MP:        It affects your magic capacity (+9).
   +Blink:    It lets you blink.
Scrolls
 i - a scroll of identify
 m - a scroll of teleportation
Potions
 d - a potion of might
 e - a potion of invisibility {unknown}
 f - a potion of lignification {unknown}

Dungeon Overview and Level Annotations

Branches:
Dungeon (4/15)
 Temple: D:4-7

Altars:
Hepliaklqana


Message History

The orc priest barely misses you. The giant cockroach closely misses you.
The orc priest closely misses you.
Something hits you but does no damage. x2
The giant cockroach barely misses you. Something hits you but does no damage.
Something hits you.
The orc priest invokes the aid of Beogh against you.
Pain shoots through your body!
The giant cockroach bites you but does no damage.
You feel less confused.
The orc priest hits you but does no damage.
You hear some strange, mumbled words.
A magic dart appears from out of thin air!
The magic dart hits you but does no damage.
The giant cockroach closely misses you. Something hits you but does no damage.
You barely miss the orc priest.
The orc priest is almost dead.
You closely miss something. You barely miss the giant cockroach.
You miss something.
The giant cockroach bites you but does no damage.
The orc priest mumbles some strange prayers to Beogh against you.
Beogh smites you!
Something hits you but does no damage. x2
The giant cockroach bites you.
You hear some strange, mumbled words.
You are confused.
The orc priest mumbles some strange prayers to Beogh against you.
Pain shoots through your body! Something hits you but does no damage.
The giant cockroach waves its antennae.
The giant cockroach completely misses you.
Something hits you but does no damage. x2
The orc priest hits you but does no damage.
The giant cockroach misses you.
Something hits you but does no damage. x2
The orc priest hits you but does no damage.
The giant cockroach completely misses you.
Something barely misses you. Something hits you but does no damage.
The orc priest closely misses you. The giant cockroach misses you.
The giant cockroach barely misses you. The orc priest misses you.
You hear some strange, mumbled words.
A magic dart appears from out of thin air!
The magic dart hits you.
You die...

###.+......#
####.##...####
##.....#.#'#...
##..#.#####.....
#..##'#.# ......
#.###...##......
#.#......'....oo
#.#...B{o##
#.#....@{.#
#.+.......#
###.......#
#......##
#......+
###...## #+#.#
###


You could see an orc priest (very drained) and a giant cockroach.

Vanquished Creatures
  A scorpion (D:4)
  4 orc priests
  Jessica (D:2)
  Ijyb (D:3)
  Natasha (D:2)
  An orc wizard (D:4)
  4 gnolls (D:2)
  An ufetubus (D:3)
  A worm (D:3)
  2 dart slugs (D:1)
  7 orcs
  6 endoplasms
  7 giant cockroaches
  7 goblins
  3 hobgoblins
  5 jackals (D:1)
  6 kobolds
  2 quokkas (D:2)
  8 ball pythons
  6 bats (D:1)
  4 frilled lizards
  7 rats
85 creatures vanquished.

Notes
Turn   | Place    | Note
-------+----------+-------------------------------------------
     0 | D:1      | qw the Gargoyle Fighter began the quest for the Orb.
     0 | D:1      | Reached XP level 1. HP: 14/14 MP: 1/1
     0 | D:1      | 0 ||| qw: Version: 0.2-a-29-g767f381
     0 | D:1      | 0 ||| qw: Game counter: 3889
     0 | D:1      | 0 ||| qw: Always use a shield: true
     0 | D:1      | 0 ||| qw: God list: Okawaru
     0 | D:1      | 0 ||| qw: Allow faded altars: false
     0 | D:1      | 0 ||| qw: Do Orc after D:15 true
     0 | D:1      | 0 ||| qw: Do second Lair branch before Depths: true
     0 | D:1      | 0 ||| qw: Lair rune preference: random
     0 | D:1      | 0 ||| qw: Plans: Normal, Zot:1-4, Slime:5, God:TSO, Crypt,
                  | Tomb, Abyss, Pan, Hells, Win
     0 | D:1      | 0 ||| PLANNING D:1-11
    23 | D:1      | Reached skill level 2 in Axes
    31 | D:1      | Reached XP level 2. HP: 17/19 MP: 2/2
   120 | D:1      | 120 ||| Stepping ~*~*~tactically~*~*~ (stealth).
   135 | D:1      | 135 ||| FLEEEEING.
   177 | D:1      | 177 ||| Stepping ~*~*~tactically~*~*~ (stealth).
   235 | D:1      | Found a faded altar of an unknown god.
   238 | D:1      | Reached skill level 3 in Axes
   268 | D:1      | 268 ||| Stepping ~*~*~tactically~*~*~ (stealth).
   282 | D:1      | Reached XP level 3. HP: 23/23 MP: 3/3
   486 | D:1      | 486 ||| Stepping ~*~*~tactically~*~*~ (hiding).
   633 | D:1      | 633 ||| UPGRADING to +0 cloak.
   638 | D:1      | 638 ||| READING scroll labelled XAG ATOBBATZ.
   641 | D:1      | 641 ||| READING scroll labelled DONAC BAFE.
   742 | D:1      | 742 ||| READING scroll labelled QALOUH HAISK.
   743 | D:1      | 743 ||| READING scroll labelled CALUAV RUHUBY.
   744 | D:1      | 744 ||| READING scroll labelled OLEGEA VIARE.
   745 | D:1      | 745 ||| READING scroll labelled ZEGHOPPIUC.
   745 | D:1      | Identified a scroll of acquirement
   745 | D:1      | 745 ||| ACQUIRING ring of Soipubud {+Blink MP+9 EV+5 Str+3
                  | Int+3}
   745 | D:1      | Acquired the ring of Soipubud {+Blink MP+9 EV+5 Str+3
                  | Int+3}
   747 | D:1      | 747 ||| UPGRADING to ring of Soipubud {+Blink MP+9 EV+5
                  | Str+3 Int+3}.
   817 | D:1      | 817 ||| READING scroll labelled GOUNAW BEGU.
   818 | D:1      | 818 ||| READING scroll labelled MOUSIENTEA.
   866 | D:2      | 866 ||| DROPPING +0 club.
   886 | D:2      | Reached XP level 4. HP: 28/28 MP: 4/4
   893 | D:2      | Reached skill level 4 in Axes
   965 | D:2      | 965 ||| Stepping ~*~*~tactically~*~*~ (hiding).
   967 | D:2      | 967 ||| Stepping ~*~*~tactically~*~*~ (hiding).
   968 | D:2      | 968 ||| Stepping ~*~*~tactically~*~*~ (hiding).
  1127 | D:2      | 1127 ||| Stepping ~*~*~tactically~*~*~ (stealth).
  1163 | D:2      | Noticed Jessica
  1164 | D:2      | 1164 ||| Stepping ~*~*~tactically~*~*~ (hiding).
  1166 | D:2      | 1166 ||| Stepping ~*~*~tactically~*~*~ (hiding).
  1173 | D:2      | Killed Jessica
  1174 | D:2      | Reached XP level 5. HP: 25/32 MP: 5/5
  1302 | D:2      | Noticed Natasha
  1303 | D:2      | 1303 ||| Stepping ~*~*~tactically~*~*~ (hiding).
  1306 | D:2      | Killed Natasha
  1479 | D:2      | 1479 ||| DRINKING 2 puce potions.
  1480 | D:2      | 1480 ||| DRINKING 2 bubbling emerald potions.
  1481 | D:2      | 1481 ||| DRINKING potion of curing.
  1481 | D:2      | 1481 ||| (to cure confusion)
  1482 | D:2      | 1482 ||| DROPPING potion of ambrosia.
  1602 | D:3      | Reached skill level 5 in Axes
  1639 | D:3      | 1639 ||| Stepping ~*~*~tactically~*~*~ (hiding).
  1641 | D:3      | 1641 ||| Stepping ~*~*~tactically~*~*~ (hiding).
  1642 | D:3      | 1642 ||| Stepping ~*~*~tactically~*~*~ (hiding).
  1643 | D:3      | 1643 ||| Stepping ~*~*~tactically~*~*~ (hiding).
  1644 | D:3      | 1644 ||| Stepping ~*~*~tactically~*~*~ (hiding).
  1650 | D:3      | Reached skill level 1 in Dodging
  1651 | D:3      | Noticed Ijyb
  1662 | D:3      | Killed Ijyb
  1663 | D:3      | Reached XP level 6. HP: 27/38 MP: 6/6
  1764 | D:3      | 1764 ||| Stepping ~*~*~tactically~*~*~ (stealth).
  1765 | D:3      | 1765 ||| Stepping ~*~*~tactically~*~*~ (stealth).
  1801 | D:3      | 1801 ||| Stepping ~*~*~tactically~*~*~ (hiding).
  1803 | D:3      | 1803 ||| Stepping ~*~*~tactically~*~*~ (hiding).
  1842 | D:3      | 1842 ||| Stepping ~*~*~tactically~*~*~ (stealth).
  1843 | D:3      | 1843 ||| Stepping ~*~*~tactically~*~*~ (stealth).
  1865 | D:3      | Found a hazy altar of Hepliaklqana.
  1928 | D:3      | 1928 ||| FLEEEEING.
  1989 | D:3      | 1989 ||| Stepping ~*~*~tactically~*~*~ (stealth).
  1991 | D:3      | 1991 ||| Stepping ~*~*~tactically~*~*~ (stealth).
  2283 | D:3      | 2283 ||| UPGRADING to +0 pair of boots.
  2288 | D:3      | 2288 ||| UPGRADING to +1 hat.
  2293 | D:3      | 2293 ||| DRINKING 2 fizzy grey potions.
  2294 | D:3      | 2294 ||| DROPPING potion of degeneration.
  2299 | D:4      | 2299 ||| PLANNING SEWER
  2384 | D:4      | 2384 ||| Stepping ~*~*~tactically~*~*~ (stealth).
  2400 | D:4      | 2400 ||| Stepping ~*~*~tactically~*~*~ (hiding).
  2401 | D:4      | 2401 ||| Stepping ~*~*~tactically~*~*~ (hiding).
  2403 | D:4      | 2403 ||| Stepping ~*~*~tactically~*~*~ (hiding).
  2429 | D:4      | HP: 8/38 [giant cockroach (2)]
  2429 | D:4      | HP: 1/38 [orc priest/nerve-wracking pain (7)]
  2433 | D:4      | Killed from afar by an orc wizard

Levels and vault maps discovered:
D:1:      minmay_arrival_semitransparent, layout_basic,
          ebering_ecumenical_altar_mist, grunt_decor_cap,
          minmay_indecisive_spiral
D:2:      layout_rooms, uniq_jessica, uniq_natasha
D:3:      layout_rooms, nicolae_hepliaklqana_hippocampus, uniq_ijyb
D:4:      nicolae_cairo_tiling_very_big, layout_cave_pools,
          portal_sewer_entry_b, uniq_duvessa

Skill      XL: |  1  2  3  4  5 |
---------------+----------------+-----
Axes           | 2 3 4 5 |  5.9
Dodging        | 1 |  1.1
Fighting       | 4 |  4.1
Armour         | |  3.2
Shields        | |  3.2

Action                     |  1- 3 |  4- 6 || total
---------------------------+-------+-------++-------
  Melee: War axe           |   103 |   139 ||   242
    Use: Scroll            |     8 |       ||     8
         Potion            |       |     4 ||     4
 Armour: Scale mail        |    64 |    79 ||   143
  Dodge: Dodged            |    53 |   109 ||   162
  Block: Buckler           |    14 |    17 ||    31

Table legend:
 A = Non-vault XP
 B = Vault XP
 C = Vault XP percentage of total XP
 D = Non-vault monster count
 E = Vault monster count
 F = Vault count percentage of total count
                 A         B        C        D         E       F
            +---------+---------+-------+---------+---------+-------
      Total |     474 |     112 |  19.1 |      78 |       7 |   8.2
            +---------+---------+-------+---------+---------+-------
        D:1 |      50 |       5 |   9.1 |      27 |       4 |  12.9
        D:2 |      89 |      72 |  44.7 |      22 |       2 |   8.3
        D:3 |     172 |      35 |  16.9 |      21 |       1 |   4.5
        D:4 |     163 |       0 |   0.0 |       8 |       0 |   0.0
            +---------+---------+-------+---------+---------+-------
